 Dungeon Crawl Stone Soup version 0.19.1-1-g22dce08 (webtiles) character file.

106 ponk the Skirmisher (level 4, -5/40 HPs)
             Began as a Hill Orc Fighter on Jan 9, 2017.
             Was an Initiate of Qazlal.
             Blown up by an eye of devastation (42 damage)
             ... with a bolt of energy
             ... created by the vengeance of Jiyva
             ... on level 3 of the Dungeon.
             The game lasted 00:09:12 (2472 turns).

ponk the Skirmisher (Hill Orc Fighter)              Turns: 2472, Time: 00:09:13

Health: -5/40      AC:  7    Str: 23    XL:     4   Next: 84%
Magic:  4/4        EV:  7    Int:  8    God:    Qazlal [......]
Gold:   94         SH: 10    Dex: 11    Spells: 0 memorised, 3 levels left

rFire  . . .     SeeInvis .     a - +0 war axe
rCold  . . .     Gourm    .     b - +0 scale mail (curse)
rNeg   . . .     Faith    .     c - +0 shield
rPois  +         Spirit   .     (no helmet)
rElec  .         Reflect  .     (no cloak)
rCorr  .         Harm     .     (no gloves)
MR     .....                    (no boots)
Stlth  ..........               r - amulet of rage
                                t - +5 ring of strength
                                h - ring of poison resistance

@: very slow
A: no striking features
a: Renounce Religion, Evoke Berserk Rage


You were on level 3 of the Dungeon.
You worshipped Qazlal.
Qazlal was noncommittal.
You were not hungry.

You visited 1 branch of the dungeon, and saw 3 of its levels.

You collected 94 gold pieces.

Inventory:

Hand Weapons
 a - a +0 war axe (weapon)
 z - a +0 hunting sling
Missiles
 A - 52 stones (quivered)
Armour
 b - a cursed +0 scale mail (worn)
 c - a +0 shield (worn)
Jewellery
 h - a ring of poison resistance (left hand)
 r - an amulet of rage (around neck)
 t - a +5 ring of strength (right hand)
Scrolls
 i - a scroll of recharging {unknown}
 k - 3 scrolls of remove curse
 l - a scroll of magic mapping {unknown}
 n - 6 scrolls of identify {unknown}
 q - a scroll of fear {unknown}
 s - a scroll of enchant weapon {unknown}
 v - a scroll of fog {unknown}
 x - 2 scrolls of teleportation {unknown}
 y - a scroll of immolation {unknown}
Potions
 d - a potion of might
 e - a potion of beneficial mutation {unknown}
 j - 2 potions of ambrosia {unknown}
 m - a potion of haste {unknown}
 p - 2 potions of curing {unknown}
Comestibles
 f - 6 bread rations
 g - a meat ration
 o - 2 slices of pizza
 u - 20 fruits
 w - 2 beef jerkies


   Skills:
 + Level 4.2 Fighting
 + Level 4.2 Axes
 + Level 3.8 Armour
 + Level 0.5 Dodging
 + Level 4.1 Shields


You had 3 spell levels left.
You didn't know any spells.

Dungeon Overview and Level Annotations

Branches:
Dungeon (3/15)

Altars:
Cheibriados
Qazlal
The Shining One
Jiyva


Message History

The eye of devastation is moderately wounded.
You hit the eye of devastation.
The eye of devastation is moderately wounded.
You hit the eye of devastation.
The eye of devastation is moderately wounded.
You slash the eye of devastation!
The eye of devastation is heavily wounded.
You hit the eye of devastation but do no damage.
The eye of devastation is heavily wounded.
You hit the eye of devastation but do no damage.
The eye of devastation is heavily wounded.
The eye of devastation gazes at you. The bolt of energy hits you!
The rock wall explodes into countless fragments.
You slash the eye of devastation!
The eye of devastation is severely wounded.
The eye of devastation gazes at you. The bolt of energy hits you!
Ouch! That really hurt!
You die...

..# #.......############# ..#
#.......#...#$.....>## ##### >.#
#.......#(≈.#......... ..... .##
#####...#.≈.#.......# #### .###
#.#.#.≈.#.......# # ...##
##.###.(.#..######## # #...##
#..# #.(.#J........# ##
#.#..###.## ##'##GJ...###.### #.
...#.)...## #)#@####.###...####.
##........####...##
#..####...#..
#.##.............####...#......#
#.####)#......##...####.#.##..<.
#..##.......######...##..)######
##.#...###..## ###..##..######
#............## ##....###....
#..........#..## ##....†....#
##.<........##..## ###.#....##..


You could see an eye of devastation, a death ooze and a jelly.

Vanquished Creatures
  A jelly (D:2)
  4 adders
  An ooze (D:3)
  2 worms
  A dart slug (D:2)
  3 leopard geckos
  10 bats
  A giant cockroach (D:1)
  9 goblins
  3 hobgoblins
  A quokka (D:2)
  3 frilled lizards
  9 kobolds
  10 rats
  A fungus (D:1)
59 creatures vanquished.

Notes
Turn   | Place    | Note
-------+----------+-------------------------------------------
     0 | D:1      | ponk the Hill Orc Fighter began the quest for the Orb.
     0 | D:1      | Reached XP level 1. HP: 19/19 MP: 1/1
   171 | D:1      | Reached XP level 2. HP: 25/27 MP: 2/2
   926 | D:2      | Reached XP level 3. HP: 28/33 MP: 3/3
  1144 | D:2      | Reached XP level 4. HP: 9/40 MP: 4/4
  1490 | D:2      | Found a faded altar of an unknown god.
  1490 | D:2      | Found a faded altar of an unknown god.
  1496 | D:2      | Found a glowing golden altar of the Shining One.
  1498 | D:2      | Found a faded altar of an unknown god.
  1500 | D:2      | Found a snail-covered altar of Cheibriados.
  1510 | D:2      | Became a worshipper of Jiyva Juutreod the Shapeless
  1510 | D:2      | Reached * piety under Jiyva
  1521 | D:2      | Fell from the grace of Jiyva
  1521 | D:2      | Became a worshipper of Qazlal Stormbringer
  1521 | D:2      | Reached * piety under Qazlal
  1544 | D:2      | Fell from the grace of Qazlal
  1544 | D:2      | Became a worshipper of Cheibriados the Contemplative
  1544 | D:2      | Reached * piety under Cheibriados
  1882 | D:2      | Fell from the grace of Cheibriados
  1882 | D:2      | Became a worshipper of Qazlal Stormbringer
  2461 | D:3      | Noticed a death ooze
  2461 | D:3      | Noticed an eye of devastation
  2472 | D:3      | Blown up by an eye of devastation

Skill      XL: |  1  2  3  4 |
---------------+-------------+-----
Axes           | 3 4 |  4.2
Fighting       | 4 |  4.2
Shields        | 4 |  4.1
Armour         | |  3.8
Dodging        | |  0.5

Action                   |  1- 3 |  4- 6 || total
-------------------------+-------+-------++-------
Melee: War axe           |   116 |    93 ||   209
Throw: Stone             |       |     2 ||     2
  Use: Scroll            |     1 |     1 ||     2
  Eat: Chunk             |     1 |     4 ||     5
Armor: Scale mail        |    57 |    53 ||   110
Dodge: Dodged            |    36 |    34 ||    70
Block: Shield            |    75 |    66 ||   141
